 Dungeon Crawl Stone Soup version 0.21.1-1-g345015f (webtiles) character file.

9 Iko the Skirmisher (level 2, -1/21 HPs)
             Began as an Octopode Abyssal Knight on May 4, 2018.
             Was a Follower of Lugonu.
             Slain by a hobgoblin (3 damage)
             ... on level 2 of the Dungeon.
             The game lasted 00:01:54 (147 turns).

Iko the Skirmisher (Octopode Abyssal Knight)         Turns: 147, Time: 00:01:54

Health: -1/21      AC:  1    Str: 11    XL:     2   Next: 12%
Magic:  3/3        EV: 14    Int: 14    God:    Lugonu [*.....]
Gold:   0          SH:  0    Dex: 13    Spells: 1/1 levels left

rFire    . . .     SeeInvis .   b - +0 mace
rCold    . . .     Gourm    .   (no shield)
rNeg     . . .     Faith    .   (helmet restricted)
rPois    .         Spirit   .   (no amulet)
rElec    .         Reflect  .   (no ring)
rCorr    .         Harm     .   (no ring)
MR       +....                  (no ring)
Stlth    ++........             (no ring)
HPRegen  0.47/turn              (no ring)
MPRegen  0.08/turn              (no ring)
                                (no ring)
                                (no ring)

@: lethally poisoned (-1 -> -1)
A: almost no armour, stealthy swim, amphibious, 8 rings, constrict 8, camouflage
1, agile 1, magic resistance 1, mutation resistance 1, regeneration 1,
gelatinous body 1
a: Depart the Abyss, Renounce Religion


You were on level 2 of the Dungeon.
You worshipped Lugonu.
Lugonu was aware of your devotion.
You were not hungry.

You visited 1 branch of the dungeon, and saw 2 of its levels.
You visited the Abyss 1 time.

Inventory:

Hand Weapons
 b - a +0 mace (weapon)
Comestibles
 a - a ration


   Skills:
 + Level 3.2 Fighting
 + Level 0.3 Maces & Flails
 + Level 2.5 Dodging
 + Level 2.1 Unarmed Combat
 + Level 2.0 Invocations


You had one spell level left.
You didn't know any spells.

Dungeon Overview and Level Annotations

Branches:
Dungeon (2/15)

Altars:


Innate Abilities, Weirdness & Mutations

You cannot wear most types of armour.
You are very stealthy in the water. (Stealth+)
You are amphibious.
You can wear up to eight rings at the same time.
You can use your tentacles to constrict eight enemies at once.
Your skin changes colour to match your surroundings (Stealth+).
Your rubbery body absorbs attacks. (AC +1, EV +1)
You are agile. (Dex +2)
You are resistant to hostile enchantments. (MR+)
You are somewhat resistant to further mutation.
Your natural rate of healing is unusually fast.


Message History

The adder bites you.
You feel sick.
You closely miss the adder. Your grab misses the adder.
You feel sick. The adder bites you.
* * * LOW HITPOINT WARNING * * *
The adder barely misses you.
You barely miss the adder. Your grab misses the adder.
You squeeze the adder, but do no damage.
You feel sick. The adder misses you. The adder closely misses you.
A hobgoblin comes into view.
The adder closely misses you.
A rat comes into view.
You feel sick. The rat bites you but does no damage.
You feel sick. The adder bites you.
* * * LOW HITPOINT WARNING * * *
You are more poisoned.
The adder poisons you!
You feel sick. The hobgoblin hits you.
You die...

#...(.....†....
#.######.###.## #.#
#.# .# . #.# .#. .
#.# #####.######.##
#. $.##...........# .
.........####.#
###......# #.##
#.@###.# #...#
#####gS###.##...#!##
#......r.S...........
..####..###.#........
#...$......<.#.#
##.###......#.# #.#
#####(..## #.. .###
### ##


You could see an adder, a hobgoblin and a rat.

Vanquished Creatures
  An ooze (D:2)
  A bat (D:1)
  2 kobolds (D:1)
  3 rats
7 creatures vanquished.

Notes
Turn   | Place    | Note
-------+----------+-------------------------------------------
     0 | Abyss:1  | Iko the Octopode Abyssal Knight began the quest for the Orb.
     0 | Abyss:1  | Reached XP level 1. HP: 16/16 MP: 2/2
    11 | D:1      | Escaped the Abyss
    79 | D:1      | Gained mutation: You are agile. (Dex +2) [potion of mutation]
    79 | D:1      | Gained mutation: You are resistant to hostile enchantments. (MR+) [potion of mutation]
    79 | D:1      | Gained mutation: Your natural rate of healing is unusually fast. [potion of mutation]
    79 | D:1      | Gained mutation: You are somewhat resistant to further mutation. [potion of mutation]
   128 | D:2      | Reached XP level 2. HP: 21/21 MP: 3/3
   147 | D:2      | Slain by a hobgoblin

Action                   || total
-------------------------++-------
Melee: Mace              ||    23
       Constrict         ||     3
       Tentacles         ||     4
  Use: Potion            ||     1
 Stab: Sleeping          ||     1
Armor: Skin              ||     7
Dodge: Dodged            ||    30
